 Dungeon Crawl Stone Soup version 0.26-a0-1132-ge9770dfcb6 (webtiles) character file.

Game seed: 11668467068770715907

57853 Hipnos the Devastator (level 14, -1/83 HPs)
             Began as a Deep Elf Conjurer on Dec 20, 2020.
             Was a High Priest of Vehumet.
             Shot with an arrow by Nessos (27 damage)
             ... on level 2 of the Orcish Mines.
             The game lasted 01:32:04 (21257 turns).

Hipnos the Devastator (Deep Elf Conjurer)          Turns: 21257, Time: 01:32:05

Health: -1/83      AC: 17    Str:  7    XL:     14   Next: 47%
Magic:  20/34      EV: 17    Int: 32    God:    Vehumet [*****.]
Gold:   961        SH:  0    Dex: 19    Spells: 5/42 levels left

rFire    + + .     SeeInvis .   J - +9 rapier of the Elven Halls {flame, Fragile rF++ Str+3 Int+3}
rCold    . . .     Faith    .   (no shield)
rNeg     . . .     Spirit   .   u - +2 leather armour {rPois}
rPois    +         Reflect  .   T - +1 hat {Will+}
rElec    .         Harm     .   z - +2 cloak
rCorr    .         Rampage  +   j - +2 pair of gloves
Will     ++...                  t - +2 pair of boots {rampage}
Stlth    ++........             (no amulet)
HPRegen  0.23/turn              h - ring of wizardry
MPRegen  0.24/turn              F - +6 ring of dexterity

@: no status effects
A: no striking features
a: Renounce Religion


You were on level 2 of the Orcish Mines.
You worshipped Vehumet.
Vehumet was extremely pleased with you.
You visited 4 branches of the dungeon, and saw 20 of its levels.
You also visited: Sewer.

You collected 1353 gold pieces.
You spent 392 gold pieces at shops.

Inventory:

Hand Weapons
 b - a +2 mace of protection
 v - a +2 battleaxe of venom
 G - a +0 rapier of protection
 J - the +9 rapier of the Elven Halls (weapon) {flame, Fragile rF++ Str+3 Int+3}
   (You found it on level 1 of the Lair of Beasts)

   It has been specially enchanted to burn those struck by it, causing extra
   injury to most foes and up to half again as much damage against particularly
   susceptible opponents.
   It affects your strength (+3).
   It affects your intelligence (+3).
   It greatly protects you from fire.
   It will be destroyed if unequipped.
Armour
 a - a +0 robe
 j - a +2 pair of gloves (worn)
 m - a +0 helmet
 t - a +2 pair of boots of rampaging (worn)
 u - a +2 leather armour of poison resistance (worn)
 x - a scarf of invisibility
 z - a +2 cloak (worn)
 K - a +2 pair of boots
 L - a +0 pair of boots
 T - a +1 hat of willpower (worn)
 U - a scarf of invisibility
 V - a +0 ring mail of poison resistance
Jewellery
 h - a ring of wizardry (left hand)
 i - an uncursed amulet of regeneration
 D - an uncursed ring of poison resistance
 F - a +6 ring of dexterity (right hand)
 Q - an uncursed amulet of the acrobat
 W - a +6 ring of intelligence {unknown}
Wands
 g - a wand of enslavement (10)
 l - a wand of random effects (50)
 n - a wand of acid (9)
 M - a wand of flame (15)
 O - a wand of polymorph (20)
 S - a wand of disintegration (8)
Scrolls
 c - 6 scrolls of teleportation
 k - 2 scrolls of amnesia
 o - 6 scrolls of fog
 p - 2 scrolls of magic mapping
 s - 10 scrolls of remove curse
 y - 2 scrolls of noise {unknown}
 C - a scroll of acquirement {unknown}
 E - 2 scrolls of holy word
 I - 9 scrolls of enchant weapon {unknown}
 N - 3 scrolls of fear {unknown}
 R - 5 scrolls of identify
Potions
 d - 2 potions of curing
 e - 2 potions of heal wounds
 f - 5 potions of attraction
 q - 3 potions of flight
 r - a potion of invisibility
 w - 2 potions of berserk rage
 A - a potion of resistance
 B - 4 potions of lignification {unknown}
 H - a potion of haste {unknown}
 P - 2 potions of magic {unknown}


   Skills:
 * Level 7.9 Fighting
 - Level 0.2 Short Blades
 + Level 7.8 Armour
 * Level 7.2 Dodging
 - Level 2.9 Stealth
 + Level 14.6 Spellcasting
 * Level 15.7 Conjurations
 - Level 4.8 Hexes
 * Level 8.1 Fire Magic
 * Level 8.1 Earth Magic


You had 5 spell levels left.
You knew the following spells:

 Your Spells              Type           Power        Failure   Level
a - Magic Dart            Conj           100%         0%          1
b - Searing Ray           Conj           100%         0%          2
c - Dazzling Flash        Conj/Hex       100%         1%          3
d - Fulminant Prism       Conj/Hex       36%          1%          4
e - Starburst             Conj/Fire      39%          1%          6
f - Iskenderun's Battles  Conj           89%          1%          5
g - Bolt of Magma         Conj/Fire/Erth 37%          1%          5
h - Iron Shot             Conj/Erth      39%          1%          6
i - Lee's Rapid Deconstr  Erth           33%          1%          5

Your spell library contained the following spells:

 Spells                   Type           Power        Failure   Level
 Lightning Bolt           Conj/Air       32%          1%          5
 Confusing Touch          Hex            53%          1%          3
 Iskenderun's Mystic Bla  Conj/Tloc      65%          1%          4
 Petrify                  Tmut/Erth      49%          1%          4
 Gell's Gravitas          Tloc           11%          3%          3
 Yara's Violent Unravell  Hex/Tmut       19%          3%          5
 Metabolic Englaciation   Hex/Ice        19%          11%         5
 Summon Mana Viper        Hex/Summ       38%          11%         5
 Summon Demon             Summ           11%          28%         5
 Summon Forest            Summ/Tloc      11%          28%         5
 Orb of Destruction       Conj           44%          1%          7
 Spellforged Servitor     Conj/Summ      32%          10%         7
 Shadow Creatures         Summ           N/A          82%         6
 Summon Hydra             Summ           11%          100%        7


Dungeon Overview and Level Annotations

Branches:
Dungeon (12/15)            Temple (1/1) D:7            Lair (5/6) D:8
 Shoals (0/4) Lair:4        Snake (0/4) Lair:4          Orc (1/2) D:12
  Sewer (visited)
  Slime: Lair:5-6

Altars:
Ashenzari
Cheibriados
Dithmenos
Elyvilon
Fedhas
Gozag
Hepliaklqana
Kikubaaqudgha
Makhleb
Nemelex Xobeh
Okawaru
Qazlal
Ru
Sif Muna
Trog
Uskayaw
Vehumet
Wu Jian
Xom
Yredelemnul
Zin
The Shining One
Beogh

Shops:
D:5 [   D:9 ?   D:10 [:[   Orc:2 =

Annotations:
D:10 2 transporters, emiel's ghost, journeyman GnWn
Orc:2 Nessos


Message History

Nessos shoots an arrow.
The arrow hits your fulminant prism. The arrow burns your fulminant prism.
Your fulminant prism detonates feebly.
Nessos stands on their hind legs for a moment.
Nessos shoots an arrow.
The arrow barely misses you.
Casting: Fulminant Prism (safe; 1% risk of failure)
Confirm with . or Enter, or press ? or * to list all spells.
Aiming: Fulminant Prism (safe; 1% risk of failure)
Press: ? - help, Dir - move target You conjure a prism of explosive energy!
A fulminant prism comes into view.
Nessos shoots an arrow.
The arrow hits you!
Nessos blinks!
Nessos shoots an arrow.
The arrow hits you!!
* * * LOW HITPOINT WARNING * * *
The arrow burns you.
You are poisoned.
* * * LOW HITPOINT WARNING * * *
Your fulminant prism crackles loudly.
You feel better.
Nessos shoots an arrow.
The arrow hits you!!
You die...

### ##.#### ##...#.##
#...#...##
.#@(......##
#.............# ....
#.....#.......# ..).
#.............## ..)..
#.......(*..).## .)...
##.........)...#.)....
#.......§....(##)∩....
##..........#c()).....
....)).)).()[)).C.


You could see Nessos and a friendly fulminant prism.

Vanquished Creatures
  Gastronok (Lair:2)
  2 ettins (Orc:1)
  Harold (D:7)
  2 hydras
  A catoblepas (Lair:3)
  5 death yaks (Lair:4)
  11 two-headed ogres
  2 ogre magi (Orc:2)
  An orc high priest (Orc:1)
  Sonja (D:11)
  2 deep trolls (Orc:2)
  Pikel (D:7)
  3 orc knights
  7 cyclopes
  5 ugly things (D:11)
  A manticore (D:11)
  5 elephants (Lair:3)
  6 black mambas
  A torpor snail (Lair:4)
  11 cane toads
  2 rime drakes (Lair:2)
  2 komodo dragons
  8 trolls
  A polar bear (Lair:4)
  8 blink frogs
  2 hornets (D:12)
  5 slime creatures
  4 wyverns
  35 yaks
  2 basilisks
  Menkaure (D:6)
  The ghost of Nebesus the Shield-Bearer, an amateur GrFi of Zin (D:3)
  An acid dragon (D:12)
  7 wargs
  12 water moccasins
  2 ice beasts
  17 orc warriors
  2 black bears
  2 necrophages (D:8)
  A sky beast (D:8)
  27 ogres
  5 wolves (Lair:3)
  7 centaurs
  2 lemures (D:7)
  A big kobold (D:8)
  A gnoll sergeant (D:10)
  A wyvern zombie (D:10)
  18 bullfrogs
  A wyvern skeleton (D:10)
  4 scorpions
  13 killer bees
  21 wights
  6 electric eels
  4 howler monkeys
  3 centaur zombies
  A centaur skeleton (D:11)
  4 hounds
  4 jellies
  15 orc priests
  15 orc wizards
  4 iguanas
  7 worker ants
  A hound skeleton (D:5)
  A worker ant zombie (D:6)
  17 adders
  8 gnolls
  5 river rats (D:4)
  4 shadow imps
  An ufetubus (D:5)
  2 oozes
  2 adder zombies
  4 worms
  3 dart slugs
  5 leopard geckos
  84 orcs
  3 ball pythons
  11 giant cockroaches
  10 goblins
  5 hobgoblins
  4 jackals (D:4)
  3 quokkas
  13 bats
  6 frilled lizards
  8 kobolds
  A quokka zombie (D:8)
  12 rats
  8 fulminant prisms
569 creatures vanquished.

Vanquished Creatures (others)
  153 fulminant prisms
  15 fungi
  43 plants
211 creatures vanquished.

Grand Total: 780 creatures vanquished

Notes
Turn   | Place    | Note
-------+----------+-------------------------------------------
     0 | D:1      | Hipnos the Deep Elf Conjurer began the quest for the Orb.
     0 | D:1      | Reached XP level 1. HP: 10/10 MP: 6/6
    85 | D:1      | Reached XP level 2. HP: 15/15 MP: 2/8
   296 | D:1      | Reached skill level 5 in Conjurations
  1027 | D:2      | Reached XP level 3. HP: 19/19 MP: 6/9
  1433 | D:2      | Found a basalt altar of Yredelemnul.
  1563 | D:2      | Reached XP level 4. HP: 24/24 MP: 7/11
  1566 | D:2      | Learned a level 2 spell: Searing Ray
  1826 | D:2      | Reached skill level 6 in Conjurations
  1826 | D:2      | Reached XP level 5. HP: 6/28 MP: 1/13
  2578 | D:3      | Found a runed translucent door.
  2582 | D:3      | Noticed Nebesus's ghost (amateur GrFi)
  2625 | D:3      | Reached skill level 5 in Spellcasting
  3094 | D:3      | Reached skill level 1 in Armour
  3099 | D:3      | Killed Nebesus's ghost
  3100 | D:3      | Reached XP level 6. HP: 18/33 MP: 3/16
  3268 | D:4      | Found a glowing drain.
  3307 | Sewer    | Entered a sewer
  3403 | Sewer    | Noticed a water moccasin
  3412 | Sewer    | Killed a water moccasin
  3559 | Sewer    | Learned a level 3 spell: Dazzling Flash
  3564 | Sewer    | Learned a level 4 spell: Fulminant Prism
  3569 | Sewer    | Learned a level 4 spell: Iskenderun's Mystic Blast
  3574 | D:4      | Reached XP level 7. HP: 37/37 MP: 14/18
  3683 | D:4      | Reached skill level 1 in Fighting
  4391 | D:5      | Entered Level 5 of the Dungeon
  4496 | D:5      | Found Ziguwira's Antique Armour Emporium.
  4514 | D:5      | Bought a cloak for 108 gold pieces
  5169 | D:6      | Reached skill level 7 in Conjurations
  5219 | D:6      | Noticed Menkaure
  5226 | D:6      | Killed Menkaure
  5227 | D:6      | Reached XP level 8. HP: 27/44 MP: 13/21
  6338 | D:7      | Noticed Pikel
  6348 | D:7      | Killed Pikel
  6349 | D:7      | Reached skill level 8 in Conjurations
  6444 | D:7      | Reached skill level 9 in Conjurations
  6636 | D:7      | Reached XP level 9. HP: 37/49 MP: 14/23
  6906 | D:7      | Noticed Harold
  6923 | D:7      | Killed Harold
  7000 | D:7      | Found a staircase to the Ecumenical Temple.
  7008 | Temple   | Entered the Ecumenical Temple
  7134 | Temple   | Became a worshipper of Vehumet
  7332 | D:7      | Reached skill level 10 in Conjurations
  7649 | D:8      | Noticed a two-headed ogre
  7660 | D:8      | Killed a two-headed ogre
  7839 | D:8      | Reached skill level 10 in Spellcasting
  7970 | D:8      | Found a roughly hewn altar of Beogh.
  7982 | D:8      | Reached XP level 10. HP: 56/56 MP: 19/26
  8012 | D:8      | Reached * piety under Vehumet
  8012 | D:8      | Offered knowledge of Sandblast by Vehumet.
  8029 | D:8      | Learned a level 5 spell: Iskenderun's Battlesphere
  8035 | D:8      | Learned a level 5 spell: Bolt of Magma
  8480 | D:8      | Reached skill level 5 in Armour
  8480 | D:8      | Reached skill level 11 in Conjurations
  8895 | D:8      | Learned a level 6 spell: Iron Shot
  9032 | D:8      | Found a staircase to the Lair.
  9232 | Lair:1   | Entered Level 1 of the Lair of Beasts
  9377 | Lair:1   | Got an ivory rapier
  9379 | Lair:1   | Identified the +9 rapier of the Elven Halls {flame, Fragile
                  | rF++ Str+3 Int+3} (You found it on level 1 of the Lair of
                  | Beasts)
  9439 | Lair:1   | Noticed a cane toad
  9449 | Lair:1   | Killed a cane toad
  9450 | Lair:1   | Reached skill level 1 in Fire Magic
  9450 | Lair:1   | Reached skill level 1 in Earth Magic
  9611 | Lair:1   | Offered knowledge of Shock by Vehumet.
  9614 | Lair:1   | Noticed a cane toad
  9618 | Lair:1   | Reached skill level 1 in Hexes
  9618 | Lair:1   | Reached ** piety under Vehumet
  9627 | Lair:1   | Killed a cane toad
  9628 | Lair:1   | Reached skill level 5 in Dodging
  9802 | Lair:1   | Noticed a black mamba
  9814 | Lair:1   | Killed a black mamba
  9815 | Lair:1   | Reached skill level 12 in Conjurations
  9815 | Lair:1   | Reached XP level 11. HP: 62/62 MP: 21/28
 11104 | D:9      | Found Kiutin's Magic Scroll Boutique.
 11112 | D:9      | Bought a scroll of identify for 30 gold pieces
 11112 | D:9      | Bought a scroll of holy word for 112 gold pieces
 11112 | D:9      | Bought a scroll of identify for 30 gold pieces
 11112 | D:9      | Bought a scroll of enchant armour for 112 gold pieces
 11221 | D:9      | Offered knowledge of Ignite Poison by Vehumet.
 11223 | D:9      | Reached skill level 5 in Fighting
 11730 | D:10     | Entered Level 10 of the Dungeon
 11737 | D:10     | Noticed a two-headed ogre
 11740 | D:10     | Killed a two-headed ogre
 11900 | D:10     | Found a transporter.
 11904 | D:10     | Found a transporter.
 11905 | D:10     | Noticed emiel's ghost (journeyman GnWn)
 11964 | D:10     | Found Qyicahar's Book Emporium.
 12323 | D:10     | Found Toisuoptotu's Armour Emporium.
 12327 | D:10     | Reached *** piety under Vehumet
 12492 | D:10     | Found Qaf Syub's Armour Emporium.
 12841 | D:11     | Noticed a green ugly thing
 12860 | D:11     | Noticed a green ugly thing
 12869 | D:11     | Killed a purple ugly thing
 12869 | D:11     | Offered knowledge of Stone Arrow by Vehumet.
 12871 | D:11     | Killed a purple ugly thing
 13362 | D:11     | Reached skill level 13 in Conjurations
 13512 | D:11     | Noticed a brown ugly thing
 13529 | D:11     | Killed a brown ugly thing
 13529 | D:11     | Reached **** piety under Vehumet
 13530 | D:11     | Reached skill level 5 in Earth Magic
 13679 | D:11     | Reached XP level 12. HP: 68/68 MP: 13/30
 13715 | D:11     | Offered knowledge of Lee's Rapid Deconstruction by Vehumet.
 13726 | D:11     | Learned a level 5 spell: Lee's Rapid Deconstruction
 14116 | D:11     | Noticed Sonja
 14129 | D:11     | Killed Sonja
 15058 | D:12     | Noticed a two-headed ogre
 15064 | D:12     | Killed a two-headed ogre
 15600 | Lair:2   | Noticed a four-headed hydra
 15602 | Lair:2   | Reached skill level 5 in Fire Magic
 15612 | Lair:2   | Killed a four-headed hydra
 16326 | Lair:2   | Found a shimmering altar of Xom.
 16330 | Lair:2   | Noticed Gastronok
 16353 | Lair:2   | Killed Gastronok
 16890 | Lair:3   | Reached skill level 14 in Conjurations
 17002 | Lair:3   | Reached XP level 13. HP: 75/75 MP: 12/32
 17548 | Lair:3   | Reached ***** piety under Vehumet
 17551 | Lair:3   | Offered knowledge of Starburst by Vehumet.
 17569 | Lair:3   | Learned a level 6 spell: Starburst
 18085 | Lair:4   | Found a gate leading to a gauntlet.
 18156 | Lair:4   | Found a staircase to the Snake Pit.
 19191 | Lair:4   | Found a staircase to the Shoals.
 20345 | D:12     | Offered knowledge of Sticky Flame by Vehumet.
 20350 | D:12     | Found a roughly hewn altar of Beogh.
 20350 | D:12     | Found a staircase to the Orcish Mines.
 20472 | Orc:1    | Entered Level 1 of the Orcish Mines
 20666 | Orc:1    | Reached skill level 15 in Conjurations
 20670 | Orc:1    | Noticed an ettin
 20748 | Orc:1    | Noticed an ettin
 20762 | Orc:1    | Killed an ettin
 20806 | Orc:1    | Killed an ettin
 20980 | Orc:1    | Found a roughly hewn altar of Beogh.
 21011 | Orc:1    | You fall into a shaft and drop 1 floor!
 21011 | Orc:2    | Entered Level 2 of the Orcish Mines
 21011 | Orc:2    | Found Ejunann's Jewellery Shop.
 21014 | Orc:2    | Reached XP level 14. HP: 55/82 MP: 27/34
 21032 | Orc:2    | Offered knowledge of Lightning Bolt by Vehumet.
 21218 | Orc:2    | Noticed Nessos
 21257 | Orc:2    | Shot with an arrow by Nessos

Illustrated notes

Levels and vault maps discovered:
D:1:      evilmike_arrival_plus, layout_loops_ring, minmay_pentomino_v4
D:2:      layout_basic, old_standard_altar, minmay_randomly_rotated_circles
D:3:      layout_loops_ring, ebering_ghost_sewer_d
D:4:      layout_loops_ring, portal_sewer_entry_c
D:5:      layout_rooms, serial_shops, shop
D:6:      layout_loops_corners, uniq_menkaure
D:7:      layout_basic, minmay_temple_entry_stoned_glass,
          hangedman_decor_growths, minmay_hedge_maze, uniq_pikel, uniq_harold
D:8:      layout_gridville, erik_lair_orcish_takeover, special_room
          [special_room_orc]
D:9:      layout_stronghold, serial_shops, shop
D:10:     layout_roguey, gammafunk_ghost_hive, serial_shops,
          kennysheep_little_box, shop, kennysheep_mini,
          chequers_serial_rivers_small_a, kennysheep_windowed_goal
D:11:     layout_cave_pods, nooodl_orcs_dogs, uniq_sonja
D:12:     layout_layer_cave, david_orc_5, uniq_frances
Temple:   kilobyte_greek_temple
Lair:1:   layout_cave_pods, serial_bayou_lake_a
Lair:2:   layout_layer_cave, basic_altar, uniq_gastronok
Lair:3:   layout_cave_shapes, grunt_megastairs_2, infiniplex_staircase_pool_2
Lair:4:   layout_roguey, elwin_shoals_entry_rooms, dummy_snake_entry,
          gauntlet_entry_generic, hibernation_bobbens,
          infiniplex_staircase_pool, lemuel_fruit_tree
Lair:5:   layout_loops_ring, st_stairs_8, serial_bayou_shore_b
Orc:1:    layout_diamond_mine, mines1_david
Orc:2:    st_orc_open, layout_caves, uniq_nessos, uniq_donald, uniq_erolcha

Skill      XL: |  1  2  3  4  5  6  7  8  9 10 11 12 13 14 |
---------------+-------------------------------------------+-----
Conjurations   | 5 6 7 9 10 12 13 14 15 | 15.7
Spellcasting   | 4 5 6 7 8 10 11 12 13 14 | 14.6
Dodging        | 3 4 5 6 7 |  7.2
Armour         | 1 2 3 4 5 6 7 |  7.8
Fighting       | 1 2 3 4 5 6 7 |  7.9
Fire Magic     | 2 4 5 7 8 |  8.1
Earth Magic    | 3 5 6 7 8 |  8.1
Hexes          | 1 2 4 |  4.8
Short Blades   | |  0.2
Stealth        | |  2.9

Action                   |  1- 3 |  4- 6 |  7- 9 | 10-12 | 13-15 || total
-------------------------+-------+-------+-------+-------+-------++-------
Melee: Short sword       |     5 |    15 |       |       |       ||    20
       Mace              |       |       |       |    46 |       ||    46
       Rapier            |       |       |       |    42 |    49 ||    91
 Cast: Magic Dart        |    74 |    75 |   150 |   296 |    69 ||   664
       Searing Ray       |       |    10 |    27 |    27 |     4 ||    68
       Fulminant Prism   |       |       |     2 |    94 |    67 ||   163
       Bolt of Magma     |       |       |       |    72 |    56 ||   128
       Iron Shot         |       |       |       |     7 |     3 ||    10
       Lee's Rapid Decon |       |       |       |     2 |     1 ||     3
       Starburst         |       |       |       |       |    24 ||    24
  Use: Scroll            |       |     3 |     6 |     7 |     6 ||    22
       Potion            |       |       |       |     1 |    12 ||    13
 Stab: Distracted        |       |       |       |     1 |       ||     1
Armor: Robe              |     3 |     3 |       |       |       ||     6
       Ring mail         |       |    11 |       |       |       ||    11
       Leather armour    |       |       |    25 |    73 |    30 ||   128
Dodge: Dodged            |    14 |    33 |    34 |   145 |    80 ||   306

Table legend: (Time is in decaauts)
 A = Elapsed time spent in this place.
 B = Non-inter-level travel time spent in this place.
 C = Inter-level travel time spent in this place.
 D = Time resting spent in this place.
 E = Time spent auto-exploring this place.
 F = Levels seen in this place.
 G = Mean time per level.
                   A        B        C        D        E       F      G
               +--------+--------+--------+--------+--------+-----+--------+
         Total |  21403 |  20513 |    890 |   3199 |  13415 |  21 | 1019.2 |
       Dungeon |  14322 |  13650 |    672 |   1716 |   9690 |  12 | 1193.5 |
        Temple |    160 |    127 |     33 |      0 |    110 |   1 |  160.0 |
          Lair |   5871 |   5686 |    185 |   1085 |   3231 |   5 | 1174.2 |
  Orcish Mines |    784 |    784 |      0 |    334 |    275 |   2 |  392.0 |
         Sewer |    263 |    263 |      0 |     64 |    109 |   1 |  263.0 |
               +--------+--------+--------+--------+--------+-----+--------+

Top non-repeatable levels by time:
    D:11: 2669 daAuts
  Lair:2: 2043 daAuts
     D:8: 1667 daAuts
  Lair:1: 1623 daAuts
  Lair:4: 1501 daAuts
     D:6: 1194 daAuts
     D:3: 1173 daAuts
     D:7: 1168 daAuts
    D:10: 1168 daAuts
     D:2: 1067 daAuts
     D:1: 1000 daAuts
     D:9: 939 daAuts
     D:4: 893 daAuts
     D:5: 724 daAuts
  Lair:3: 700 daAuts
